 Dungeon Crawl Stone Soup version 0.29.1-12-g30fa7ad0bf (webtiles) character file.

Game seed: 7833577793433191935

53 IcySys the Digger (level 3, 21/21 HPs)
             Began as an Octopode Earth Elementalist on Nov 17, 2022.
             Quit the game on level 3 of the Dungeon on Dec 18, 2022.
             The game lasted 00:05:49 (2505 turns).

IcySys the Digger (Octopode Earth Elementalist)     Turns: 2505, Time: 00:05:49

Health: 21/21      AC:  1    Str:  7    XL:     3   Next: 89%
Magic:  6/6        EV: 13    Int: 19    God:
Gold:   43         SH:  0    Dex: 12    Spells: 2/6 levels left

rFire   . . .      SeeInvis .   (no weapon)
rCold   + . .      Faith    .   (no shield)
rNeg    . . .      Spirit   .   (helmet restricted)
rPois   .          Reflect  .   (no amulet)
rElec   .          Harm     .   d - ring of protection from cold
rCorr   .          Rampage  .   (no ring)
Will    .....                   (no ring)
Stlth   +++.......              (no ring)
HPRegen 0.07/turn               (no ring)
MPRegen 0.10/turn               (no ring)
                                (no ring)
                                (no ring)

@: no status effects
A: almost no armour, amphibious, 8 rings, camouflage 1, gelatinous body 1,
(nimble swimmer 1), tentacles
a: no special abilities


You were on level 3 of the Dungeon.
You visited 1 branch of the dungeon, and saw 3 of its levels.

You collected 108 gold pieces.
You spent 65 gold pieces at shops.

Inventory:

Missiles
 b - 23 stones
Jewellery
 d - a ring of protection from cold (left tentacle)
Scrolls
 c - a scroll of teleportation {unknown}
 f - a scroll of immolation {unknown}
 k - a scroll of identify
 l - a scroll of fear {unknown}
Potions
 a - a potion of magic
 e - a potion of mutation
 g - a potion of brilliance {unknown}
 h - a potion of degeneration {unknown}
 i - a potion of curing
 j - a potion of might {unknown}
 m - a potion of flight {unknown}


   Skills:
 - Level 2.0 Dodging
 - Level 4.0 Stealth
 - Level 2.0 Spellcasting
 - Level 1.0 Transmutations
 + Level 4.2 Earth Magic


You had 2 spell levels left.
You knew the following spells:

 Your Spells              Type           Power      Damage    Failure   Level
a - Sandblast             Erth           34%        2d9       3%          1
b - Stone Arrow           Conj/Erth      18%        3d8       22%         3

Your spell library contained the following spells:

 Spells                   Type           Power      Damage    Failure   Level
 Passwall                 Tmut/Erth      9%         N/A       9%          2
 Petrify                  Tmut/Erth      11%        N/A       50%         4


Dungeon Overview and Level Annotations

Branches:
Dungeon (3/15)

Altars:
Sif Muna

Shops:
D:1 *   D:2 *

Annotations:
D:2 exclusions: adder and worm, Sigmund, Terence


Innate Abilities, Weirdness & Mutations

You cannot wear most types of armour.
You are amphibious.
You can wear up to eight rings at the same time.
Your skin changes colour to match your surroundings (Stealth+).
Your rubbery body absorbs attacks. (AC +1, EV +1)
((You are camouflaged when in or above water. (Stealth+)))
You have tentacles for arms and can constrict up to eight enemies at once.


Message History

The blast of sand hits the frilled lizard!
You kill the frilled lizard!
Casting: Sandblast (safe; 3% risk of failure)
Confirm with . or Enter, or press ? or * to list all spells.
Aiming: Sandblast (safe; 3% risk of failure)
Press: ? - help, Shift-Dir - straight line, f - adder
Aim: an adder (asleep, 100% to hit)
The blast of sand hits the adder!
You kill the adder!
You start resting.
Magic restored.
This spell is extremely dangerous to cast!
Memorise Stone Arrow, consuming 3 spell levels and leaving 2?
You start memorising the spell.
You continue memorising. x3
You finish memorising.
Spell assigned to 'b'.
Sigmund the Dreaded comes into view.
He is wielding a +0 scythe.
Press: ? - help, v - describe, . - travel
Here: Sigmund, wielding a +0 scythe and wearing a +0 robe (asleep)
The floor.
Placed new exclusion.
You can't see any susceptible monsters within range! (Use Z to cast anyway.)
You see here a +0 club.
There is an open door here.
There is an open door here.
There is an open door here.
Partly explored, can't reach some items and places.
Partly explored, can't reach some items and places.
Partly explored, can't reach some items and places.
Partly explored, can't reach some items and places.
There is a stone staircase leading down here.
You climb downwards.
There is a stone staircase leading up here.
You now have enough gold to buy a scroll of teleportation on D:1.
You can access your shopping list by pressing '$'.
You now have 43 gold pieces (gained 14).
m - an inky potion
Found a shimmering blue altar of Sif Muna.
Welcome back, IcySys the Octopode Earth Elementalist.
Press ? for a list of commands and other information.
Are you sure you want to abandon this character and quit the game? (Confirm with "yes".)

#......................#######
#............................#
#............#######.#.#####.#
#.........#.## ###.#
#.........#.# ########.#
#.>.......#.# #........#
####.#####.# #.######## #. #.#
#.# # .# #@# #..._.+ #.#..8#
#.##..# #.# ### #.# #.. ###


There were no monsters in sight!

Vanquished Creatures
  An adder (D:2)
  2 worms (D:2)
  2 dart slugs
  3 ball pythons
  An endoplasm (D:1)
  4 goblins
  5 hobgoblins
  3 kobolds
  2 quokkas (D:2)
  4 bats
  2 frilled lizards
  4 rats
  A spectral hobgoblin (D:1)
34 creatures vanquished.

Notes
Turn   | Place    | Note
-------+----------+-------------------------------------------
     0 | D:1      | IcySys the Octopode Earth Elementalist began the quest for
                  | the Orb.
     0 | D:1      | Reached XP level 1. HP: 11/11 MP: 3/3
    24 | D:1      | Found a faded altar of an unknown god.
   415 | D:1      | Reached XP level 2. HP: 17/17 MP: 3/5
   584 | D:1      | Found Xoanat's General Store.
  1013 | D:2      | Found Tisup's General Store.
  1016 | D:2      | You fall into a shaft and drop 1 floor!
  1146 | D:2      | Bought a potion of curing for 39 gold pieces
  1146 | D:2      | Bought a scroll of identify for 26 gold pieces
  1240 | D:2      | Reached XP level 3. HP: 21/21 MP: 4/6
  1422 | D:2      | Noticed Terence
  2127 | D:2      | Learned a level 3 spell: Stone Arrow
  2182 | D:2      | Noticed Sigmund
  2504 | D:3      | Found a shimmering blue altar of Sif Muna.
  2505 | D:3      | Upgraded the game from 0.29.1-2-gbd0b4ee654 to
                  | 0.29.1-12-g30fa7ad0bf
  2505 | D:3      | Quit the game

Illustrated notes

Levels and vault maps discovered:
D:1:      amcnicky_arrival_blooded_trapdoor, layout_loops_ring, serial_shops,
          shop, dreamdust_ecumenical_altar_drowned_temple
D:2:      layout_basic, serial_shops, nicolae_shop_waterfront, uniq_sigmund,
          uniq_terence
D:3:      layout_loops_ring, nicolae_overflow_hidden_temple, led_sif_book,
          minmay_misc_feat_rugged

Skill      XL: |  1  2  3 |
---------------+----------+-----
Stealth        | 3 4 |  4.0
Earth Magic    | 4 |  4.2
Dodging        | |  2.0
Spellcasting   | |  2.0
Transmutations | |  1.0

Action                   || total
-------------------------++-------
Melee: Unarmed           ||     5
       Tentacles         ||     2
 Cast: Sandblast         ||    48
  Use: Scroll            ||     1
Armor: Skin              ||     2
Dodge: Dodged            ||    15
